 Dungeon Crawl Stone Soup version 0.29.1-1-gd02db6906a (webtiles) character file.

Game seed: 5484873137083482598

34058 jiml777 the Thaumaturge (level 13, -3/104 HPs)
             Began as a Gnoll Air Elementalist on Sept 19, 2022.
             Was a Priest of Ashenzari.
             Slain by a six-headed hydra (10 damage)
             ... on level 4 of the Lair of Beasts.
             The game lasted 02:41:57 (26357 turns).

jiml777 the Thaumaturge (Gnoll Air Elementalist)   Turns: 26357, Time: 02:41:58

Health: -3/104     AC: 16    Str: 10    XL:     13   Next: 75%
Magic:  11/28      EV: 16    Int: 18    God:    Ashenzari [***...]
Gold:   467        SH:  7    Dex: 12    Spells: 19/35 levels left

rFire   + . .      SeeInvis +   c - +5 dagger of Cremastomancy {speed, Cun, Self} (curse)
rCold   . . .      Faith    .   Q - +0 buckler
rNeg    . . .      Spirit   .   I - +0 troll leather armour
rPois   .          Reflect  .   q - +2 helmet "Omniscient Repose" {Elem, Fort} (curse)
rElec   .          Harm     .   P - +2 cloak "Profound Vision" {Stlth+, Elem, Range} (curse)
rCorr   .          Rampage  .   C - +2 pair of gloves "Cryptic Fortune-Teller" {Bglg, Fort} (curse)
Will    .....      Clarity  +   (no boots)
Stlth   ++++++....              W - amulet of regeneration
HPRegen 1.87/turn               n - ring of Apeoromancy {rF+, Cun, Fort} (curse)
MPRegen 0.21/turn               O - ring of wizardry

@: lethally poisoned (-3 -> -3), hasted, studying Throwing, very quick
A: fangs 1, strong nose, distributed training
a: Renounce Religion, Curse Item, Shatter the Chains


You were on level 4 of the Lair of Beasts.
You worshipped Ashenzari.
Ashenzari was most pleased with you.
You visited 3 branches of the dungeon, and saw 16 of its levels.
You also visited: Ossuary.

You collected 993 gold pieces.
You spent 526 gold pieces at shops.

Inventory:

Hand Weapons
 b - a +2 morningstar of protection
 c - the cursed +5 dagger of Cremastomancy (weapon) {speed, Cun, Self}
   (You took it off Ijyb on level 5 of the Dungeon)

   Attacks with this weapon are significantly faster.
   It has a curse which improves the following skills: Cunning: Dodging and
   Stealth.
   Introspection: Fighting and Spellcasting.
 H - a +2 hand axe of electrocution
 M - a +3 spear of freezing
Missiles
 e - a throwing net
 f - 168 stones
 E - 3 silver boomerangs
 N - 20 poisoned darts
Armour
 k - a +1 leather armour of positive energy
 q - the cursed +2 helmet "Omniscient Repose" (worn) {Elem, Fort}
   (You found it on level 2 of the Dungeon)

   It has a curse which improves the following skills: Elements: Fire Magic, Ice
   Magic, Air Magic and Earth Magic.
   Fortitude: Armour and Shields.
 C - the cursed +2 pair of gloves "Cryptic Fortune-Teller" (worn) {Bglg, Fort}
   (You found it on level 4 of the Dungeon)

   It has a curse which improves the following skills: Beguiling: Conjurations,
   Hexes and Translocations.
   Fortitude: Armour and Shields.
 I - a +0 troll leather armour (worn)
 P - the cursed +2 cloak "Profound Vision" (worn) {Stlth+, Elem, Range}
   (You bought it in a shop on level 9 of the Dungeon)

   It has a curse which improves the following skills: Elements: Fire Magic, Ice
   Magic, Air Magic and Earth Magic.
   Ranged Combat: Ranged Weapons and Throwing.
 Q - a +0 buckler (worn)
 V - the +2 leather armour "Lysirchuo" {rPois}
   (You found it on level 10 of the Dungeon)

   rPois:     It protects you from poison.
Magical Staves
 o - a staff of conjuration
 L - a staff of cold
Jewellery
 a - an amulet of magic regeneration
 n - the cursed ring of Apeoromancy (left hand) {rF+, Cun, Fort}
   (You found it on level 2 of the Dungeon)

   [ring of protection from fire]

   rF:        It protects you from fire.
   It has a curse which improves the following skills: Cunning: Dodging and
   Stealth.
   Fortitude: Armour and Shields.
 w - a ring of ice
 y - a +6 ring of intelligence
 D - a ring of willpower
 F - a ring of positive energy
 J - a +6 ring of dexterity
 O - a ring of wizardry (right hand)
 U - a ring of protection from cold
 W - an amulet of regeneration (around neck)
Wands
 h - a wand of charming (31)
 p - a wand of acid (1)
 x - a wand of iceblast (12)
 z - a wand of flame (16)
 T - a wand of digging (5)
Scrolls
 d - 2 scrolls of silence
 g - 2 scrolls of blinking
 j - 3 scrolls of enchant weapon
 m - 2 scrolls of summoning
 r - 7 scrolls of fear
 s - 2 scrolls of teleportation
 u - 4 scrolls of fog
 G - 4 scrolls of magic mapping
 R - 2 scrolls of amnesia
Potions
 i - 3 potions of flight
 l - 5 potions of curing
 t - 2 potions of berserk rage
 v - 3 potions of haste
 A - 2 potions of mutation
 B - a potion of cancellation
 K - 3 potions of invisibility
 S - a potion of brilliance


   Skills:
 + Level 8.9(10.5) Fighting
 + Level 8.9 Short Blades
 + Level 8.9 Long Blades
 + Level 8.9 Axes
 + Level 8.9 Maces & Flails
 + Level 8.9 Polearms
 + Level 8.9 Staves
 + Level 8.9(10.5) Ranged Weapons
 + Level 10.1(11.7) Throwing
 + Level 8.9(12.1) Armour
 + Level 10.0(12.4) Dodging
 + Level 9.9(12.3) Stealth
 + Level 8.9(12.1) Shields
 + Level 8.9 Unarmed Combat
 + Level 10.2(11.8) Spellcasting
 + Level 7.7(9.4) Conjurations
 + Level 7.4(9.1) Hexes
 + Level 7.4 Summonings
 + Level 7.4 Necromancy
 + Level 7.4(9.1) Translocations
 + Level 7.4 Transmutations
 + Level 7.4(9.9) Fire Magic
 + Level 7.4(9.9) Ice Magic
 + Level 9.3(11.7) Air Magic
 + Level 7.4(9.9) Earth Magic
 + Level 7.4 Poison Magic
 + Level 9.7 Invocations
 + Level 8.9 Evocations


You had 19 spell levels left.
You knew the following spells:

 Your Spells              Type           Power      Damage    Failure   Level
a - Shock                 Conj/Air       100%       1d9       1%          1
b - Static Discharge      Conj/Air       48%        3-9/arc   1%          2
c - Swiftness             Air            52%        N/A       1%          3
d - Airstrike             Air            26%        2d(4-20)  1%          4
e - Blink                 Tloc           86%        N/A       1%          2
f - Anguish               Hex/Necr       20%        N/A       1%          4

Your spell library contained the following spells:

 Spells                   Type           Power      Damage    Failure   Level
 Magic Dart               Conj           100%       1d8       1%          1
 Ensorcelled Hibernation  Hex/Ice        88%        N/A       1%          2
 Poisonous Vapours        Pois/Air       90%        N/A       1%          2
 Scorch                   Fire           92%        2d9       1%          2
 Searing Ray              Conj           88%        2d7       1%          2
 Sublimation of Blood     Necr           37%        N/A       1%          2
 Wereblood                Tmut           37%        N/A       1%          2
 Confusing Touch          Hex            43%        N/A       1%          3
 Lesser Beckoning         Tloc           43%        N/A       1%          3
 Portal Projectile        Hex/Tloc       86%        N/A       1%          3
 Spider Form              Tmut/Pois      37%        N/A       1%          3
 Tukima's Dance           Hex            43%        N/A       1%          3
 Animate Armour           Summ/Erth      82%        N/A       1%          4
 Corpse Rot               Necr/Pois/Air  42%        N/A       1%          4
 Fulminant Prism          Conj/Hex       22%        3d13      1%          4
 Manifold Assault         Tloc           43%        N/A       2%          5
 Yara's Violent Unravell  Hex/Tmut       20%        3d9       3%          5
 Blade Hands              Tmut           18%        N/A       5%          5
 Iron Shot                Conj/Erth      22%        9d5       12%         6
 Enfeeble                 Hex            21%        N/A       58%         7
 Summon Hydra             Summ           18%        N/A       80%         7
 Lehudib's Crystal Spear  Conj/Erth      22%        10d6      99%         8


Dungeon Overview and Level Annotations

Branches:
Dungeon (11/15)            Temple (1/1) D:4            Lair (4/5) D:10
 Shoals (0/4) Lair:2       Spider (0/4) Lair:3          Orc (0/2) D:10
Ossuary (visited)
  Slime: Lair:4-5

Altars:
Ashenzari
Cheibriados
Dithmenos
Elyvilon
Fedhas
Gozag
Hepliaklqana
Kikubaaqudgha
Makhleb
Nemelex Xobeh
Okawaru
Qazlal
Ru
Sif Muna
Trog
Uskayaw
Vehumet
Wu Jian
Xom
Yredelemnul
Zin
The Shining One

Shops:
D:2 ?   D:6 (   D:9 [


Innate Abilities, Weirdness & Mutations

You have very sharp teeth.
Your uncanny sense of smell can sniff out nearby items.
Your experience applies equally to all skills.


Message History

The cane toad stings you but does no damage.
An elephant comes into view.
You feel sick.
A wyvern and an elephant come into view.
You feel sick.
An elephant comes into view.
The six-headed hydra attacks as you move away!
The six-headed hydra barely misses you.
You block the six-headed hydra's attack.
The six-headed hydra bites you! The six-headed hydra misses you.
The six-headed hydra closely misses you.
The six-headed hydra bites you.
You feel sick.
You feel sick. The six-headed hydra bites you.
The six-headed hydra completely misses you.
The six-headed hydra misses you. The six-headed hydra bites you.
The six-headed hydra bites you!
* * * LOW HITPOINT WARNING * * *
The six-headed hydra bites you.
* * * LOW HITPOINT WARNING * * *
The six-headed hydra attacks as you move away!
The six-headed hydra bites you.
* * * LOW HITPOINT WARNING * * *
The six-headed hydra bites you but does no damage.
The six-headed hydra bites you.
* * * LOW HITPOINT WARNING * * *
The six-headed hydra bites you.
* * * LOW HITPOINT WARNING * * *
You block the six-headed hydra's attack.
The six-headed hydra closely misses you.
You feel sick. The cane toad closely misses you.
You feel yourself speed up.
You feel sick. You block the cane toad's attack.
The six-headed hydra bites you.
* * * LOW HITPOINT WARNING * * *
The six-headed hydra bites you!
* * * LOW HITPOINT WARNING * * *
The six-headed hydra misses you.
You block the six-headed hydra's attack.
The six-headed hydra bites you but does no damage.
The six-headed hydra bites you!
You die...

#., ....#...)###.##.......#
* YD,##.#......#....##...P..
##.#.#...YP..#.......##.P...
,
#....$.....Y.....††...##P.##
,
....>......{.#.....8...##P#
.......##....###........###
*
##...##*##....#####......##
#... * #..P.##.#.#...8..## *
, .... * ##....D@...[......#
.....** #.#...F...........#
#,....*
####l....8..8.<.8.+,, ....#
##..'............# ,
#....####..#!.†..........# ,
, ......##..#####.##...8...#
**#..#.......####........##
*#......†##.........### *
#.....#.......8....# **


You could see a six-headed hydra, a cane toad and a wyvern (wandering).

Vanquished Creatures
  A boulder beetle (D:10)
  5 hydras
  2 ogre magi (D:10)
  A two-headed ogre (D:10)
  2 death yaks (Lair:4)
  A soul eater (D:9)
  A sixfirhy (D:9)
  A cyclops (D:10)
  3 elephants (Lair:4)
  A black mamba (Lair:1)
  A rust devil (D:9)
  2 orange demons (D:9)
  2 torpor snails
  4 cane toads
  2 rime drakes
  3 komodo dragons
  Maggie (D:10)
  A troll (D:10)
  A meliai (shapeshifter) (D:10)
  3 polar bears
  3 merfolk (Lair:2)
  2 dream sheep (Lair:3)
  9 blink frogs (Lair:2)
  A slime creature (D:10)
  A jumping spider (Lair:3)
  3 shadows
  43 yaks
  A ynoxinul (D:9)
  A wraith (D:10)
  6 wyverns
  3 steam dragons
  A neqoxec (D:9)
  A redback (Lair:3)
  3 vampire mosquitoes (D:10)
  A basilisk (Lair:4)
  Menkaure (Ossuary)
  6 water moccasins
  6 orc warriors
  2 sky beasts
  A black bear (D:7)
  2 ice beasts
  2 ogres
  6 wolves
  A centaur (D:10)
  2 phantoms
  4 kobold brigands
  12 bullfrogs
  A necrophage (D:3)
  5 scorpions
  15 wights
  11 killer bees
  8 howler monkeys
  2 electric eels (Lair:1)
  2 centaur zombies (Ossuary)
  5 quasits (D:9)
  2 jellies
  8 orc priests
  4 hounds
  A gnoll bouda (D:9)
  5 iguanas
  Ijyb (D:5)
  Natasha (thrice) (D:3)
  11 orc wizards
  3 ogre zombies (Ossuary)
  6 mummies (Ossuary)
  11 gnolls
  5 adders
  A shadow imp (D:6)
  2 white imps
  2 ufetubi
  3 adder zombies (Ossuary)
  A worm (D:2)
  5 dart slugs
  55 orcs
  9 bats
  7 endoplasms
  4 giant cockroaches
  13 hobgoblins
  4 jackals (D:1)
  4 quokkas
  8 ball pythons
  2 frilled lizards
  14 goblins
  2 goblin zombies (Ossuary)
  3 hobgoblin zombies (Ossuary)
  24 kobolds
  4 kobold zombies (Ossuary)
  An orc zombie (Ossuary)
  3 quokka zombies
  5 rats (D:1)
  4 rat zombies
451 creatures vanquished.

Vanquished Creatures (others)
  A komodo dragon (Lair:1)
  5 fungi
  18 plants
  4 withered plants (D:10)
28 creatures vanquished.

Grand Total: 479 creatures vanquished

Notes
Turn   | Place    | Note
-------+----------+-------------------------------------------
     0 | D:1      | jiml777 the Gnoll Air Elementalist began the quest for the
                  | Orb.
     0 | D:1      | Reached XP level 1. HP: 13/13 MP: 6/6
    76 | D:1      | Found a faded altar of an unknown god.
   323 | D:1      | Reached XP level 2. HP: 19/19 MP: 3/7
   714 | D:1      | Reached skill level 5 in Spellcasting
   714 | D:1      | Reached XP level 3. HP: 23/25 MP: 6/9
  1452 | D:2      | Reached skill level 1 in Invocations
  1475 | D:2      | Learned a level 2 spell: Static Discharge
  1479 | D:2      | Learned a level 3 spell: Swiftness
  1544 | D:2      | Reached skill level 1 in Fighting
  1544 | D:2      | Reached skill level 1 in Short Blades
  1544 | D:2      | Reached skill level 1 in Long Blades
  1544 | D:2      | Reached skill level 1 in Axes
  1544 | D:2      | Reached skill level 1 in Maces & Flails
  1544 | D:2      | Reached skill level 1 in Polearms
  1544 | D:2      | Reached skill level 1 in Staves
  1544 | D:2      | Reached skill level 1 in Ranged Weapons
  1544 | D:2      | Reached skill level 1 in Throwing
  1544 | D:2      | Reached skill level 1 in Armour
  1544 | D:2      | Reached skill level 1 in Shields
  1544 | D:2      | Reached skill level 1 in Unarmed Combat
  1544 | D:2      | Reached skill level 1 in Evocations
  1620 | D:2      | Reached XP level 4. HP: 32/32 MP: 9/11
  1625 | D:2      | Learned a level 4 spell: Airstrike
  2064 | D:2      | Reached skill level 1 in Hexes
  2064 | D:2      | Reached skill level 1 in Summonings
  2064 | D:2      | Reached skill level 1 in Necromancy
  2064 | D:2      | Reached skill level 1 in Translocations
  2064 | D:2      | Reached skill level 1 in Transmutations
  2064 | D:2      | Reached skill level 1 in Fire Magic
  2064 | D:2      | Reached skill level 1 in Ice Magic
  2064 | D:2      | Reached skill level 1 in Earth Magic
  2064 | D:2      | Reached skill level 1 in Poison Magic
  2111 | D:2      | Found Yhyoled's Magic Scroll Boutique.
  2123 | D:2      | Bought a scroll of fear for 40 gold pieces
  2123 | D:2      | Bought a scroll of teleportation for 30 gold pieces
  2123 | D:2      | Bought a scroll of noise for 10 gold pieces
  2446 | D:2      | Noticed a scorpion
  2510 | D:2      | Killed a scorpion
  2511 | D:2      | Reached XP level 5. HP: 30/37 MP: 5/12
  3346 | D:3      | Reached XP level 6. HP: 36/44 MP: 7/13
  3514 | D:3      | Noticed Natasha
  3526 | D:3      | Killed Natasha
  3831 | D:3      | Learned a level 2 spell: Blink
  3834 | D:3      | Reached skill level 5 in Dodging
  3939 | D:3      | Noticed Natasha
  3947 | D:3      | Killed Natasha
  5200 | D:3      | Noticed Natasha
  5214 | D:3      | Killed Natasha
  5377 | D:4      | Found a staircase to the Ecumenical Temple.
  5397 | Temple   | Entered the Ecumenical Temple
  5629 | Temple   | Became a worshipper of Ashenzari the Shackled
  5886 | D:3      | Reached XP level 7. HP: 44/50 MP: 8/15
  6559 | D:4      | Found an ornate altar of the Wu Jian Council.
  6565 | D:4      | Noticed a spectral centipede
  6565 | D:4      | Noticed a spectral black mamba
  6565 | D:4      | Noticed a spectral cane toad
  6685 | D:4      | Reached skill level 5 in Stealth
  6979 | D:5      | Entered Level 5 of the Dungeon
  7091 | D:5      | Noticed Ijyb
  7095 | D:5      | Killed Ijyb
  7630 | D:5      | Reached XP level 8. HP: 52/58 MP: 6/16
  8277 | D:5      | Found a shadowy altar of Dithmenos.
  8442 | D:5      | Reached * piety under Ashenzari
  8533 | D:2      | Bought a scroll of enchant weapon for 75 gold pieces
  8625 | D:6      | Found Mumiul's Antique Weapon Emporium.
  9169 | D:6      | Reached XP level 9. HP: 63/66 MP: 19/19
  9191 | D:6      | Found a sand-covered staircase.
  9204 | Ossuary  | Entered an ossuary
  9567 | Ossuary  | Noticed Menkaure
  9889 | Ossuary  | Killed Menkaure
 10309 | D:6      | Found a sparkling altar of Nemelex Xobeh.
 10527 | D:6      | Reached ** piety under Ashenzari
 10817 | D:7      | Reached skill level 5 in Invocations
 11482 | D:7      | Reached skill level 5 in Fighting
 11482 | D:7      | Reached skill level 5 in Short Blades
 11482 | D:7      | Reached skill level 5 in Long Blades
 11482 | D:7      | Reached skill level 5 in Axes
 11482 | D:7      | Reached skill level 5 in Maces & Flails
 11482 | D:7      | Reached skill level 5 in Polearms
 11482 | D:7      | Reached skill level 5 in Staves
 11482 | D:7      | Reached skill level 5 in Ranged Weapons
 11482 | D:7      | Reached skill level 5 in Throwing
 11482 | D:7      | Reached skill level 5 in Armour
 11482 | D:7      | Reached skill level 5 in Shields
 11482 | D:7      | Reached skill level 5 in Unarmed Combat
 11482 | D:7      | Reached skill level 5 in Evocations
 11482 | D:7      | Reached XP level 10. HP: 77/77 MP: 23/23
 12714 | D:8      | Reached skill level 5 in Conjurations
 12846 | D:8      | Reached *** piety under Ashenzari
 13211 | D:9      | Noticed a sixfirhy
 13237 | D:9      | Killed a sixfirhy
 13777 | D:9      | Noticed an orange demon
 13777 | D:9      | Noticed a rust devil
 14336 | D:9      | Found a stormy altar of Qazlal.
 14480 | D:9      | Killed an orange demon
 14631 | D:9      | Reached skill level 5 in Hexes
 14631 | D:9      | Reached skill level 5 in Summonings
 14631 | D:9      | Reached skill level 5 in Necromancy
 14631 | D:9      | Reached skill level 5 in Translocations
 14631 | D:9      | Reached skill level 5 in Transmutations
 14631 | D:9      | Reached skill level 5 in Fire Magic
 14631 | D:9      | Reached skill level 5 in Ice Magic
 14631 | D:9      | Reached skill level 5 in Earth Magic
 14631 | D:9      | Reached skill level 5 in Poison Magic
 14631 | D:9      | Reached XP level 11. HP: 71/87 MP: 25/25
 14925 | D:9      | Found Itrummi's Antique Armour Shoppe.
 14933 | D:9      | Bought a glowing cloak for 232 gold pieces
 14933 | D:9      | Bought a buckler for 139 gold pieces
 14960 | D:9      | Noticed a soul eater
 14961 | D:9      | Noticed a soul eater
 14993 | D:9      | Killed a soul eater
 16143 | D:10     | Entered Level 10 of the Dungeon
 17308 | D:10     | Noticed Maggie
 17312 | D:10     | Killed Maggie
 17557 | D:10     | Found a staircase to the Orcish Mines.
 17649 | D:10     | Found a hazy altar of Hepliaklqana.
 18232 | D:10     | Noticed a two-headed ogre
 18264 | D:10     | Killed a two-headed ogre
 18759 | D:10     | Noticed an ogre mage
 18767 | D:10     | Killed an ogre mage
 18768 | D:10     | Reached XP level 12. HP: 97/97 MP: 3/27
 18817 | D:10     | Noticed a boulder beetle
 18846 | D:10     | Noticed a seven-headed hydra
 19305 | D:10     | Killed a boulder beetle
 19799 | D:10     | Noticed an ice dragon
 20325 | D:10     | Noticed an ogre mage
 20374 | D:10     | Killed an ogre mage
 20521 | D:10     | Killed a seven-headed hydra
 20690 | D:10     | Identified the Excursus on the Volcanoes and Bedrock
 20695 | D:10     | Identified the +2 leather armour "Lysirchuo" {rPois}
 20705 | D:10     | Learned a level 4 spell: Anguish
 20909 | D:10     | Found a staircase to the Lair.
 20917 | D:10     | Found a basalt altar of Yredelemnul.
 21314 | Lair:1   | Entered Level 1 of the Lair of Beasts
 22030 | Lair:1   | Noticed a seven-headed hydra
 22037 | Lair:1   | Killed a seven-headed hydra
 23428 | Lair:2   | Noticed a seven-headed hydra
 23553 | Lair:1   | Killed a seven-headed hydra
 23560 | Lair:1   | Reached XP level 13. HP: 41/101 MP: 21/27
 23670 | Lair:2   | Found a staircase to the Shoals.
 25100 | Lair:3   | Found a hole to the Spider Nest.
 25246 | Lair:3   | Reached skill level 10 in Spellcasting
 26146 | Lair:4   | Reached skill level 10 in Dodging
 26230 | Lair:4   | Reached skill level 10 in Throwing
 26357 | Lair:4   | Slain by a six-headed hydra

Illustrated notes

Levels and vault maps discovered:
D:1:      lightli_arrival_farm, layout_loops_ring,
          nicolae_ecumenical_lake_church, chequers_serial_rivers_small_a,
          chequers_serial_rivers_micro_b
D:2:      wad_river_or_something, layout_basic, serial_shops,
          nicolae_shop_statue_plus, minmay_splitting_lines,
          chequers_serial_rivers_room_b, grunt_ministairs_15,
          grunt_decor_mini_mirrors, minmay_statues_item
D:3:      layout_rooms, uniq_natasha
D:4:      layout_cave_pools, pdpol_wu_jian_five_deadly_venoms,
          minmay_temple_entry_sparse_star, chequers_serial_rivers_micro_e,
          grunt_ministairs_3, hangedman_feature_mirror
D:5:      corexii_shack_village, layout_loops_ring,
          mainiacjoe_overflow_brackets, serial_bayou_pond_a, st_stairs_13,
          grunt_decor_junction, minmay_between, uniq_ijyb
D:6:      layout_cave_pools, lemuel_tele_altar, serial_shops,
          nicolae_stop_n_shop_1, enter_ossuary_4
D:7:      layout_cave_pools, uniq_menkaure
D:8:      layout_rooms, minmay_misc_feat_room, grunt_ministairs_14, nrook_uturn,
          grunt_decor_clamped
D:9:      layout_roguey [special_room_orc], lemuel_crystal_altar, serial_shops,
          nicolae_diamond_shop, serial_demonic, serial_demonic_d,
          serial_demonic_a, serial_demonic_d, serial_demonic_f, serial_demonic_e
D:10:     minmay_the_grid_octo_tiled_octocenter [minmay_the_grid_octo_checkered,
          minmay_the_grid_octo_pinwheel, minmay_the_grid_octo_77,
          minmay_the_grid_octo_checkerflower,
          minmay_the_grid_octo_prize_square_snowflake,
          minmay_the_grid_square_5x5_lines,
          minmay_the_grid_square_5x5_fancy_junction,
          minmay_the_grid_square_5x5_doubleslash,
          minmay_the_grid_square_5x5_almost_minimal], layout_cave_pools,
          yredelemnul_altar_generic, nzn_hepliaklqana_mist_gate, uniq_maggie
D:11:     cheibrodos_statue_roulette, layout_loops_ring, glass_columns_c,
          uniq_grum
Temple:   nicolae_temple_bog_church
Lair:1:   layout_loops_ring, grunt_megastairs_5, serial_bayou_shore_a,
          infiniplex_staircase_pool, lemuel_fruit_tree
Lair:2:   layout_misc_corridors, elwin_shoals_entry_stream, grunt_megastairs_2
Lair:3:   layout_cave_pods, spider_nest_entry_a
Lair:4:   layout_concentric_octagons, grunt_megastairs_3, uniq_rupert

Skill      XL: |  1  2  3  4  5  6  7  8  9 10 11 12 13 |
---------------+----------------------------------------+-----
Conjurations   | 2 3 4 5 6 7 |  7.7
Spellcasting   | 5 6 7 8 9 10 | 10.2
Invocations    | 1 2 3 4 5 6 7 8 9 |  9.7
Fighting       | 1 2 3 5 6 7 8 |  8.9
Short Blades   | 1 2 3 5 6 7 8 |  8.9
Long Blades    | 1 2 3 5 6 7 8 |  8.9
Axes           | 1 2 3 5 6 7 8 |  8.9
Maces & Flails | 1 2 3 5 6 7 8 |  8.9
Polearms       | 1 2 3 5 6 7 8 |  8.9
Staves         | 1 2 3 5 6 7 8 |  8.9
Ranged Weapons | 1 2 3 5 6 7 8 |  8.9
Throwing       | 1 2 3 5 6 7 8 10 | 10.1
Armour         | 1 2 3 5 6 7 8 |  8.9
Shields        | 1 2 3 5 6 7 8 |  8.9
Unarmed Combat | 1 2 3 5 6 7 8 |  8.9
Evocations     | 1 2 3 5 6 7 8 |  8.9
Hexes          | 1 2 3 4 5 6 7 |  7.4
Summonings     | 1 2 3 4 5 6 7 |  7.4
Necromancy     | 1 2 3 4 5 6 7 |  7.4
Translocations | 1 2 3 4 5 6 7 |  7.4
Transmutations | 1 2 3 4 5 6 7 |  7.4
Fire Magic     | 1 2 3 4 5 6 7 |  7.4
Ice Magic      | 1 2 3 4 5 6 7 |  7.4
Earth Magic    | 1 2 3 4 5 6 7 |  7.4
Poison Magic   | 1 2 3 4 5 6 7 |  7.4
Dodging        | 5 6 7 8 9 10 | 10.0
Stealth        | 5 6 7 8 9 |  9.9
Air Magic      | 6 7 8 9 |  9.3

Action                   |  1- 3 |  4- 6 |  7- 9 | 10-12 | 13-15 || total
-------------------------+-------+-------+-------+-------+-------++-------
Melee: Dagger            |    11 |    55 |   315 |  1289 |   609 ||  2279
       Bite              |     1 |     9 |    41 |   182 |   110 ||   343
       Punch             |       |       |    12 |    11 |       ||    23
 Cast: Shock             |    45 |   108 |   110 |    57 |       ||   320
       Airstrike         |       |       |    39 |   148 |    32 ||   219
       Blink             |       |       |     1 |     1 |       ||     2
       Swiftness         |       |       |     1 |       |     1 ||     2
       Anguish           |       |       |       |     1 |       ||     1
Invok: Curse Item        |       |       |     4 |     1 |     1 ||     6
       Shatter the Chain |       |       |       |     1 |       ||     1
Evoke: Wand              |       |       |       |     5 |     3 ||     8
  Use: Scroll            |       |     5 |     9 |     6 |       ||    20
       Potion            |       |       |     1 |    11 |     3 ||    15
 Stab: Sleeping          |     3 |     3 |    15 |    12 |    14 ||    47
       Distracted        |       |       |       |     2 |       ||     2
Armor: Robe              |     7 |    19 |    17 |       |       ||    43
       Leather armour    |       |       |    52 |   348 |    64 ||   464
       Troll leather arm |       |       |       |       |    84 ||    84
Dodge: Dodged            |    23 |    74 |   173 |   836 |   295 ||  1401
Block: Buckler           |       |       |       |   232 |   128 ||   360
